 Dungeon Crawl Stone Soup version 0.22.0-75-g3901e79 (console) character file.

175 erker the Insei (level 5, -2/33 HPs)
             Began as an Octopode Transmuter on Sept 12, 2018.
             Slain by a centaur skeleton (5 damage)
             ... on level 4 of the Dungeon.
             The game lasted 00:10:25 (3037 turns).

erker the Insei (Octopode Transmuter)               Turns: 3037, Time: 00:10:26

Health: -2/33      AC:  3    Str:  9    XL:     5   Next: 55%
Magic:  9/9        EV: 13    Int: 16    God:
Gold:   194        SH:  0    Dex: 13    Spells: 7/10 levels left

rFire    + . .     SeeInvis .     - Unarmed
rCold    . . .     Gourm    .   (no shield)
rNeg     . . .     Faith    .   (helmet restricted)
rPois    .         Spirit   .   x - amulet of rage
rElec    .         Reflect  .   r - ring of protection from fire
rCorr    +         Harm     .   u - ring of resist corrosion
MR       .....                  (no ring)
Stlth    ++........             (no ring)
HPRegen  0.11/turn              (no ring)
MPRegen  0.11/turn              (no ring)
                                (no ring)
                                (no ring)

@: starving, hasted, very quick
A: almost no armour, stealthy swim, amphibious, 8 rings, constrict 8, antennae
1, yellow scales 1, camouflage 1, gelatinous body 1
a: Evoke Berserk Rage


You were on level 4 of the Dungeon.
You were starving.

You visited 1 branch of the dungeon, and saw 4 of its levels.

You collected 194 gold pieces.

Inventory:

Missiles
 a - 43 arrows
 d - 41 bolts
 o - 28 poisoned needles
 t - 3 javelins (quivered)
Armour
 w - a +1 buckler of cold resistance
Jewellery
 r - a ring of protection from fire (left tentacle)
 u - a ring of resist corrosion (right tentacle)
 x - an amulet of rage (around mantle)
Scrolls
 e - 3 scrolls of remove curse {unknown}
 g - 2 scrolls of identify {unknown}
 h - 2 scrolls of enchant weapon {unknown}
 k - a scroll of blinking {unknown}
 l - a scroll of fog {unknown}
 m - a scroll of random uselessness {unknown}
 s - a scroll of amnesia {unknown}
Potions
 b - 2 potions of curing {unknown}
 f - a potion of flight {unknown}
 i - a potion of berserk rage {unknown}
 j - 2 potions of mutation
 n - a potion of heal wounds {unknown}
 p - a potion of haste
 q - a potion of agility {unknown}
 v - a potion of invisibility {unknown}
Comestibles
 c - 6 rations


   Skills:
 - Level 1.0 Fighting
 - Level 2.0 Dodging
 - Level 4.0 Unarmed Combat
 + Level 3.2 Spellcasting
 * Level 4.0 Transmutations


You had 7 spell levels left.
You knew the following spells:

 Your Spells              Type           Power        Failure   Level  Hunger
a - Beastly Appendage     Tmut           ###...       3%          1    None
t - Sticks to Snakes      Tmut           ###.....     5%          2    ##.....

Your spell library contained the following spells:

 Spells                   Type           Power        Failure   Level  Hunger
 Spider Form              Tmut/Pois      #.........   24%         3    ###....
 Ice Form                 Ice/Tmut       #.......     63%         4    ####...
 Blade Hands              Tmut           ###.......   67%         5    ######.


Dungeon Overview and Level Annotations

Branches:
Dungeon (4/15)
 Temple: D:4-7

Altars:
Kikubaaqudgha
Qazlal
Ru
Wu Jian
Yredelemnul

Annotations:
D:2 2 transporters, Menkaure
D:3 3 runed doors, Defined's ghost, amateur DENe; Malog's ghost, amateur DrSk; PaladinM's ghost, amateur HuFi; amentoraz's ghost, amateur CeBe; cribozai's ghost, amateur NaHu
D:4 Natasha


Innate Abilities, Weirdness & Mutations

You cannot wear most types of armour.
You are very stealthy in the water. (Stealth+)
You are amphibious.
You can wear up to eight rings at the same time.
You can use your tentacles to constrict eight enemies at once.
Your skin changes colour to match your surroundings (Stealth+).
Your rubbery body absorbs attacks. (AC +1, EV +1)
You have a pair of small antennae on your head.
You are partially covered in yellow scales. (AC +2)


Message History

You tentacle-slap the centaur skeleton but do no damage.
The centaur skeleton is lightly damaged.
The centaur skeleton barely misses you. The quokka closely misses you.
You tentacle-slap the centaur skeleton.
The centaur skeleton is lightly damaged.
The centaur skeleton closely misses you.
The quokka closely misses you.
Natasha, Servant of Life and Death comes into view.
The centaur skeleton hits you but does no damage.
The quokka bites you.
* * * LOW HITPOINT WARNING * * *
The centaur skeleton hits you.
* * * LOW HITPOINT WARNING * * *
It was a potion of mutation.
You feel extremely strange.
Yellow scales grow over part of your body.
A pair of antennae grows on your head! The centaur skeleton barely misses you.
It was a potion of haste.
You feel yourself speed up. The centaur skeleton hits you.
You die...

....... .# >......####.#
........#... ..........#
.........# ### ..h.....>#
#.# ........r# ####.#
.......#Z# .. ..#
......##@# .# #.# #
.#.......### ##.###.###
#.#.##....#####..##.....
...#.###.#....##.##....##
#. #...#.####.#......####
#.#.# #.....###.#...
#...# #.###._.....## #..#
#.# #......###
#...##.###.....)##.


You could see a quokka and a centaur skeleton.

Vanquished Creatures
  Natasha (D:4)
  A worker ant (D:4)
  5 adders
  An ooze (D:3)
  4 worms (D:3)
  A dart slug (D:1)
  2 leopard geckos
  2 orcs
  7 bats
  7 giant cockroaches
  4 goblins
  5 hobgoblins
  6 kobolds
  3 ball pythons
  3 frilled lizards
  5 rats
57 creatures vanquished.

Vanquished Creatures (collateral kills)
  4 orcs (D:3)
4 creatures vanquished.

Grand Total: 61 creatures vanquished

Notes
Turn   | Place    | Note
-------+----------+-------------------------------------------
     0 | D:1      | erker the Octopode Transmuter began the quest for the Orb.
     0 | D:1      | Reached XP level 1. HP: 13/13 MP: 3/3
   184 | D:1      | Reached XP level 2. HP: 17/18 MP: 3/5
   703 | D:2      | Reached XP level 3. HP: 13/23 MP: 4/6
   707 | D:2      | Found a transporter.
   717 | D:2      | Learned a level 2 spell: Sticks to Snakes
   730 | D:2      | Found a transporter.
   741 | D:2      | Found an ancient bone altar of Kikubaaqudgha.
   745 | D:2      | Noticed Menkaure
   751 | D:2      | Found a basalt altar of Yredelemnul.
  1127 | D:2      | Reached XP level 4. HP: 22/28 MP: 7/7
  1433 | D:2      | Found a sacrificial altar of Ru.
  1933 | D:3      | Found a runed gate.
  1934 | D:3      | Noticed Defined's ghost (amateur DENe)
  1936 | D:3      | Noticed amentoraz's ghost (amateur CeBe)
  1936 | D:3      | Noticed Malog's ghost (amateur DrSk)
  1936 | D:3      | Noticed PaladinM's ghost (amateur HuFi)
  1937 | D:3      | Found a runed gate.
  1937 | D:3      | Found a runed gate.
  1937 | D:3      | Noticed cribozai's ghost (amateur NaHu)
  1962 | D:3      | Found an ornate altar of the Wu Jian Council.
  2309 | D:3      | Reached XP level 5. HP: 8/33 MP: 9/9
  2923 | D:4      | Noticed Natasha
  2936 | D:4      | Killed Natasha
  2964 | D:4      | Found a stormy altar of Qazlal.
  3032 | D:4      | Noticed Natasha
  3036 | D:4      | Gained mutation: You are partially covered in yellow
                  | scales. (AC +2) [potion of mutation]
  3036 | D:4      | Gained mutation: You have a pair of small antennae on your
                  | head. [potion of mutation]
  3037 | D:4      | Slain by a centaur skeleton

Skill      XL: |  1  2  3  4  5 |
---------------+----------------+-----
Unarmed Combat | 4 |  4.0
Transmutations | 3 4 |  4.0
Spellcasting   | 3 |  3.2
Fighting       | |  1.0
Dodging        | |  2.0

Action                   |  1- 3 |  4- 6 || total
-------------------------+-------+-------++-------
Melee: Unarmed           |    62 |    89 ||   151
       Constrict         |    16 |    17 ||    33
       Tentacles         |     9 |    14 ||    23
       Kick              |     8 |    16 ||    24
       Punch             |     2 |     2 ||     4
Throw: Javelin           |       |     3 ||     3
 Cast: Beastly Appendage |    10 |    15 ||    25
       Sticks to Snakes  |       |     2 ||     2
 Abil: Evoke Berserk Rag |       |     1 ||     1
  Use: Potion            |       |     2 ||     2
 Stab: Sleeping          |     5 |     5 ||    10
       Distracted        |       |     1 ||     1
  Eat: Chunk             |     1 |     5 ||     6
Armor: Skin              |     7 |     8 ||    15
Dodge: Dodged            |    42 |    53 ||    95
